 Dungeon Crawl Stone Soup version 0.30-a0-141-g30f27751c5 (webtiles) character file.

Game seed: 8759154999700988377

1182 qw the Chopper (level 8, 0/49 HPs)
             Began as a Gargoyle Fighter on Sept 24, 2022.
             Was a Follower of Okawaru.
             Slain by a boulder beetle (28 damage)
             ... on level 7 of the Dungeon.
             The game lasted 00:01:57 (6373 turns).

qw the Chopper (Gargoyle Fighter)                   Turns: 6373, Time: 00:01:57

Health: 0/49       AC: 22    Str: 21    XL:     8   Next: 42%
Magic:  8/10       EV: 12    Int: 10    God:    Okawaru [*.....]
Gold:   139        SH:  5    Dex:  9    Spells: 7/7 levels left

rFire   . . .      SeeInvis .    Y - +0 war axe
rCold   + . .      Faith    .    c - +0 buckler
rNeg    + . .      Spirit   .    b - +0 plate armour {rC+}
rPois   inf        Reflect  .    (no helmet)
rElec   +          Harm     .    e - +0 cloak
rCorr   .          Rampage  .    n - +0 pair of gloves
Will    .....                    (no boots)
Stlth   ..........               (no amulet)
HPRegen 0.16/turn                s - +4 ring of evasion
MPRegen 0.12/turn                (no ring)

@: heroic
A: sickness immunity, AC +5, negative energy resistance 1, electricity
resistance, torment resistance 1, petrification resistance
a: Renounce Religion, Heroism


You were on level 7 of the Dungeon.
You worshipped Okawaru.
Okawaru was aware of your devotion.
You visited 1 branch of the dungeon, and saw 7 of its levels.

You collected 295 gold pieces.
You spent 156 gold pieces at shops.


Innate Abilities, Weirdness & Mutations

You are immune to sickness and miasma.
Your stone body is resilient. (AC +5)
You are immune to poison.
You resist negative energy. (rN+)
You are resistant to electric shocks. (rElec)
You are resistant to unholy torment.
You are immune to petrification.


   Skills:
 - Level 5.1(10.1) Fighting
 - Level 7.0(12.0) Axes
 - Level 4.8(9.8) Armour
 + Level 0.9(5.9) Dodging
 - Level 3.2(8.2) Shields
 + Level 3.8 Invocations


You had 7 spell levels left.
You didn't know any spells.
Your spell library was empty.

Inventory:

Hand Weapons
 g - a +0 whip
 Y - a +0 war axe (weapon)
Armour
 b - a +0 plate armour of cold resistance (worn)
 c - a +0 buckler (worn)
 e - a +0 cloak (worn)
 l - a +1 plate armour
 n - a +0 pair of gloves (worn)
Jewellery
 i - a ring of see invisible
 s - a +4 ring of evasion (left hand)
Scrolls
 j - a scroll of identify
 m - 12 scrolls of teleportation
Potions
 a - a potion of attraction
 d - 2 potions of might
 f - a potion of cancellation
 h - 4 potions of haste
 o - 2 potions of heal wounds
 p - a potion of lignification
 q - 2 potions of curing
 r - a potion of berserk rage {unknown}

Dungeon Overview and Level Annotations

Branches:
Dungeon (7/15)             Temple (0/1) D:6

Altars:
Cheibriados
Gozag
Okawaru
Qazlal
Uskayaw

Shops:
D:4 *   D:6 (

Portals:
Bailey: D:7

Annotations:
D:4 2 transporters, qw's ghost, amateur GrFi


Message History

You gain the combat prowess of a mighty hero.
You block the boulder beetle's attack.
You barely miss the boulder beetle.
The boulder beetle is lightly wounded.
The boulder beetle bites you!
6287 ||| READING 13 scrolls of teleportation.
As you read the scroll of teleportation, it crumbles to dust.
You feel strangely unstable. The boulder beetle barely misses you.
6288 ||| DRINKING 3 potions of heal wounds.
You feel much better. The boulder beetle bites you!
You slash the boulder beetle!
The boulder beetle is lightly wounded.
The boulder beetle bites you but does no damage.
You hit the boulder beetle.
The boulder beetle is lightly wounded.
You block the boulder beetle's attack.
You hit the boulder beetle.
The boulder beetle is moderately wounded.
You completely miss the boulder beetle.
The boulder beetle is moderately wounded.
Your surroundings suddenly seem different.
Found a blue potion.
You start resting.
Magic restored.
You start resting.
You hear the steady creaking of a portcullis very nearby.
You feel like a meek peon again.
A boulder beetle is nearby!
6337 ||| Stepping ~*~*~tactically~*~*~ (stealth).
You start resting.
You hear the steady creaking of a portcullis very nearby.
A boulder beetle is nearby!
6372 ||| INVOKING Heroism.
You gain the combat prowess of a mighty hero.
The boulder beetle curls into a ball and begins rolling!
The boulder beetle hits you!!
Ouch! That really hurt!
You die...

..### ....#..
######.##......
#.B@...##.#.#.#
#0#######.#.#.# #.
#.#.#.#
#!#######.#.#.######
..........#..B.....#
#. #........... #B
#<###.####..
..)\)....00.<.#
$)......#####


You could see a boulder beetle (rolling).

Vanquished Creatures
  Sigmund (D:3)
  A water moccasin (D:5)
  An ice beast (D:6)
  A sky beast (D:6)
  2 ogres (D:5)
  2 centaurs
  A necrophage (D:6)
  2 jellies
  2 hounds (D:5)
  3 iguanas (D:6)
  Ijyb (D:3)
  5 adders
  A worm (D:3)
  2 dart slugs
  3 orcs
  6 ball pythons
  3 endoplasms
  4 giant cockroaches
  7 goblins
  5 hobgoblins
  7 jackals
  8 kobolds
  7 quokkas
  5 bats
  2 frilled lizards
  5 rats
87 creatures vanquished.

Notes
Turn   | Place    | Note
-------+----------+-------------------------------------------
     0 | D:1      | qw the Gargoyle Fighter began the quest for the Orb.
     0 | D:1      | Reached XP level 1. HP: 14/14 MP: 1/1
     0 | D:1      | 0 ||| qw: Version: 0.1.0-9-gbc19398
     0 | D:1      | 0 ||| qw: Game counter: 67
     0 | D:1      | 0 ||| qw: Always use a shield: true
     0 | D:1      | 0 ||| qw: God list: Okawaru
     0 | D:1      | 0 ||| qw: Allow faded altars: false
     0 | D:1      | 0 ||| qw: Do Orc after D:15 true
     0 | D:1      | 0 ||| qw: Do second Lair branch before Depths: true
     0 | D:1      | 0 ||| qw: Lair rune preference: random
     0 | D:1      | 0 ||| qw: Plans: Normal, Zot:1-4, God:TSO, Crypt, Tomb,
                  | Pan, Slime:5, Hells, Abyss, Orb
     0 | D:1      | 0 ||| PLANNING D:1-11
     2 | D:1      | Noticed a meteoran
     4 | D:1      | Noticed a tengu
     4 | D:1      | Noticed a demonspawn
     6 | D:1      | Noticed a minotaur
     6 | D:1      | Noticed a human
     8 | D:1      | Noticed a spriggan
     8 | D:1      | Noticed an elf
    10 | D:1      | Noticed a vine stalker
    10 | D:1      | Noticed a naga
    12 | D:1      | Noticed a palentonga
    12 | D:1      | Noticed an ogre
    14 | D:1      | Noticed a formicid
    16 | D:1      | Noticed a troll
    16 | D:1      | Noticed a felid
    18 | D:1      | Noticed an octopode
    20 | D:1      | Noticed a ghoul
    20 | D:1      | Noticed a vampire
    22 | D:1      | Noticed a merfolk
    22 | D:1      | Noticed a gargoyle
    24 | D:1      | Noticed a naga
    24 | D:1      | Noticed a draconian
    26 | D:1      | Noticed a merfolk
    38 | D:1      | Reached skill level 2 in Axes
    79 | D:1      | 79 ||| Stepping ~*~*~tactically~*~*~ (stealth).
    87 | D:1      | Reached XP level 2. HP: 19/19 MP: 2/2
   320 | D:1      | 320 ||| Stepping ~*~*~tactically~*~*~ (stealth).
   321 | D:1      | 321 ||| Stepping ~*~*~tactically~*~*~ (stealth).
   325 | D:1      | Reached skill level 3 in Axes
   326 | D:1      | 326 ||| Stepping ~*~*~tactically~*~*~ (stealth).
   474 | D:1      | Reached XP level 3. HP: 23/23 MP: 3/3
   683 | D:1      | 683 ||| UPGRADING to +0 plate armour.
   693 | D:1      | 693 ||| DROPPING +0 scale mail.
   694 | D:1      | 694 ||| READING scroll labelled ECUWNI FEUSIMM.
   695 | D:1      | 695 ||| READING 2 scrolls labelled GUANIFYD RYMOI.
   696 | D:1      | 696 ||| READING scroll of enchant armour.
   696 | D:1      | 696 ||| ENCHANTING +0 plate armour.
   697 | D:1      | 697 ||| READING scroll labelled FEZIRRI EPURU.
   698 | D:1      | 698 ||| READING 7 scrolls labelled UHOANI HUFY.
   701 | D:1      | 701 ||| DRINKING 2 sapphire potions.
   702 | D:1      | 702 ||| DRINKING 2 metallic brown potions.
   720 | D:2      | 720 ||| STAIRDANCE
   734 | D:2      | 734 ||| Stepping ~*~*~tactically~*~*~ (stealth).
   737 | D:2      | 737 ||| Stepping ~*~*~tactically~*~*~ (stealth).
   738 | D:2      | 738 ||| Stepping ~*~*~tactically~*~*~ (stealth).
   742 | D:2      | 742 ||| Stepping ~*~*~tactically~*~*~ (stealth).
   743 | D:2      | 743 ||| Stepping ~*~*~tactically~*~*~ (stealth).
   750 | D:2      | 750 ||| Stepping ~*~*~tactically~*~*~ (stealth).
   753 | D:2      | 753 ||| FLEEEEING.
   754 | D:2      | 754 ||| FLEEEEING.
   758 | D:2      | 758 ||| STAIRDANCE
   865 | D:2      | 865 ||| Stepping ~*~*~tactically~*~*~ (stealth).
   870 | D:2      | 870 ||| Stepping ~*~*~tactically~*~*~ (stealth).
  1059 | D:2      | Found a faded altar of an unknown god.
  1089 | D:2      | Reached XP level 4. HP: 28/28 MP: 4/4
  1124 | D:2      | Reached skill level 4 in Axes
  1235 | D:2      | 1235 ||| UPGRADING to +0 plate armour of cold resistance.
  1245 | D:2      | 1245 ||| READING scroll labelled INEQYWANEU.
  1246 | D:2      | 1246 ||| DRINKING 2 metallic dark potions.
  1265 | D:3      | 1265 ||| STAIRDANCE
  1323 | D:3      | Noticed Sigmund
  1324 | D:3      | 1324 ||| Stepping ~*~*~tactically~*~*~ (hiding).
  1325 | D:3      | 1325 ||| Stepping ~*~*~tactically~*~*~ (hiding).
  1339 | D:3      | 1339 ||| DRINKING potion of curing.
  1339 | D:3      | 1339 ||| (to cure confusion)
  1341 | D:3      | Killed Sigmund
  1342 | D:3      | Reached skill level 5 in Axes
  1342 | D:3      | Reached XP level 5. HP: 30/32 MP: 5/5
  1418 | D:3      | 1418 ||| Stepping ~*~*~tactically~*~*~ (stealth).
  1420 | D:3      | 1420 ||| Stepping ~*~*~tactically~*~*~ (stealth).
  1431 | D:3      | Reached XP level 6. HP: 36/37 MP: 6/6
  1793 | D:3      | Noticed Ijyb
  1801 | D:3      | Killed Ijyb
  2246 | D:3      | 2246 ||| DROPPING ring of magical power.
  2247 | D:3      | 2247 ||| DROPPING potion of brilliance.
  2310 | D:4      | Found an iron altar of Okawaru.
  2334 | D:4      | Found a transporter.
  2337 | D:4      | Found a transporter.
  2337 | D:4      | Noticed qw's ghost (amateur GrFi)
  2673 | D:4      | Found Tennu's Elemental Accessories.
  2990 | D:4      | 2990 ||| UPGRADING to +0 pair of gloves.
  2995 | D:4      | 2995 ||| READING scroll labelled TUMUYS ESEHEH CUD.
  3048 | D:4      | Became a worshipper of Warmaster Okawaru
  3059 | D:5      | Entered Level 5 of the Dungeon
  3060 | D:5      | 3060 ||| PLANNING SEWER
  3089 | D:5      | 3089 ||| Stepping ~*~*~tactically~*~*~ (hiding).
  3096 | D:5      | Reached skill level 6 in Axes
  3264 | D:5      | Found a snail-covered altar of Cheibriados.
  3264 | D:5      | Found an opulent altar of Gozag.
  3265 | D:5      | Found a stormy altar of Qazlal.
  3267 | D:5      | Found a hide-covered altar of Uskayaw.
  3543 | D:5      | Reached XP level 7. HP: 14/43 MP: 7/7
  3812 | D:5      | Found a glowing drain.
  3813 | D:5      | 3813 ||| UPGRADING to +4 ring of evasion.
  3814 | D:5      | 3814 ||| READING scroll labelled NUERUY ETANAOW.
  3815 | D:5      | 3815 ||| DRINKING 2 inky potions.
  3816 | D:5      | 3816 ||| READING 3 scrolls of identify.
  3816 | D:5      | 3816 ||| IDENTIFYING clear potion
  3817 | D:5      | 3817 ||| READING 2 scrolls of identify.
  3817 | D:5      | 3817 ||| IDENTIFYING bubbling blue potion
  3818 | D:5      | 3818 ||| DROPPING potion of degeneration.
  3960 | D:5      | 3960 ||| RIP SEWER
  3960 | D:5      | 3960 ||| PLANNING D:1-11
  4126 | D:5      | Reached * piety under Okawaru
  4432 | D:5      | 4432 ||| UPGRADING to +0 cloak.
  4451 | D:6      | 4451 ||| STAIRDANCE
  4467 | D:5      | 4467 ||| INVOKING Heroism.
  4572 | D:6      | Reached skill level 7 in Axes
  4572 | D:6      | Reached skill level 1 in Invocations
  4590 | D:6      | 4590 ||| INVOKING Heroism.
  4838 | D:6      | 4838 ||| INVOKING Heroism.
  4842 | D:6      | Reached XP level 8. HP: 32/48 MP: 6/9
  4956 | D:6      | Found Zucoxuc's Antique Weapon Shoppe.
  4965 | D:6      | 4965 ||| BUYING glowing hand axe (156 gold).
  4965 | D:6      | Bought a glowing hand axe for 156 gold pieces
  4965 | D:6      | 4965 ||| SHOPLISTING glowing mace (156 gold, have 104).
  4965 | D:6      | 4965 ||| DROPPING +1 vorpal hand axe.
  5007 | D:6      | 5007 ||| Stepping ~*~*~tactically~*~*~ (stealth).
  5008 | D:6      | 5008 ||| Stepping ~*~*~tactically~*~*~ (stealth).
  5291 | D:6      | Reached skill level 3 in Invocations
  5665 | D:6      | 5665 ||| Stepping ~*~*~tactically~*~*~ (hiding).
  5886 | D:6      | Found a staircase to the Ecumenical Temple.
  6034 | D:6      | 6034 ||| READING 3 scrolls of identify.
  6034 | D:6      | 6034 ||| IDENTIFYING bubbling golden potion
  6035 | D:6      | 6035 ||| READING 2 scrolls of identify.
  6035 | D:6      | 6035 ||| IDENTIFYING murky pink potion
  6036 | D:6      | 6036 ||| DROPPING potion of flight.
  6064 | D:7      | Found a flagged portal.
  6065 | D:7      | Noticed a boulder beetle
  6066 | D:7      | 6066 ||| INVOKING Heroism.
  6074 | D:7      | 6074 ||| FLEEEEING.
  6075 | D:7      | 6075 ||| STAIRDANCE
  6258 | D:7      | 6258 ||| INVOKING Heroism.
  6285 | D:7      | 6285 ||| INVOKING Heroism.
  6286 | D:7      | HP: 10/49 [boulder beetle (10)]
  6287 | D:7      | 6287 ||| READING 13 scrolls of teleportation.
  6288 | D:7      | 6288 ||| DRINKING 3 potions of heal wounds.
  6337 | D:7      | 6337 ||| Stepping ~*~*~tactically~*~*~ (stealth).
  6372 | D:7      | 6372 ||| INVOKING Heroism.
  6373 | D:7      | Slain by a boulder beetle

Levels and vault maps discovered:
D:1:      kb_arrival_jail, layout_rooms
D:2:      layout_rooms, shapermc_ecumenical_altar_hornbeckon
D:3:      layout_loops_ring, roderic_st_hans_cross, uniq_sigmund, uniq_ijyb
D:4:      layout_basic, mainiacjoe_overflow_boulevard, gammafunk_ghost_arena,
          nicolae_elemental_shop
D:5:      layout_gridville, minitemple, gup_sewer_entry_pipe, grunt_ministairs_5
D:6:      layout_layer_cave, lemuel_temple_firewalk_a, serial_shops, shop
D:7:      layout_loops_ring, enter_bailey_2

Skill      XL: |  1  2  3  4  5  6  7  8 |
---------------+-------------------------+-----
Axes           | 2 3 5 6 7 |  7.0
Fighting       | 4 5 |  5.1
Armour         | 4 |  4.8
Invocations    | 2 3 |  3.8
Dodging        | |  0.9
Shields        | |  3.2

Action                   |  1- 3 |  4- 6 |  7- 9 || total
-------------------------+-------+-------+-------++-------
Melee: War axe           |    75 |   109 |   146 ||   330
Throw: Boomerang         |    43 |    13 |       ||    56
Invok: Heroism           |       |       |     7 ||     7
  Use: Scroll            |     5 |     2 |     6 ||    13
       Potion            |     2 |     2 |     2 ||     6
Armor: Scale mail        |    35 |       |       ||    35
       Plate armour      |    24 |    84 |    80 ||   188
Dodge: Dodged            |    29 |    23 |    46 ||    98
Block: Buckler           |    17 |    12 |    29 ||    58

Table legend:
 A = Non-vault XP
 B = Vault XP
 C = Vault XP percentage of total XP
 D = Non-vault monster count
 E = Vault monster count
 F = Vault count percentage of total count
                 A         B        C        D         E       F
            +---------+---------+-------+---------+---------+-------
      Total |    1314 |     375 |  22.2 |      79 |       8 |   9.2
            +---------+---------+-------+---------+---------+-------
        D:1 |      49 |       0 |   0.0 |      26 |       0 |   0.0
        D:2 |      50 |       0 |   0.0 |      17 |       0 |   0.0
        D:3 |      33 |     250 |  88.3 |      11 |       2 |  15.4
        D:4 |      27 |       0 |   0.0 |       8 |       0 |   0.0
        D:5 |     518 |     125 |  19.4 |       7 |       6 |  46.2
        D:6 |     637 |       0 |   0.0 |      10 |       0 |   0.0
            +---------+---------+-------+---------+---------+-------
